 Dungeon Crawl Stone Soup version 0.30-a0-627-gc11e7ae810 (webtiles) character file.

Game seed: 3564914740061124835

109344 Dartaoz the Warrior (level 16, -18/157 HPs)
             Began as a Minotaur Fighter on Jan 11, 2023.
             Was a High Priest of the Shining One.
             Demolished by a radroach (44 damage)
             ... on level 2 of the Spider Nest on Jan 12, 2023.
             The game lasted 01:26:39 (23435 turns).

Dartaoz the Warrior (Minotaur Fighter)             Turns: 23435, Time: 01:26:40

Health: -18/157    AC: 23    Str: 29    XL:     16   Next: 4%
Magic:  20/21      EV:  6    Int:  5    God:    the Shining One [*****.]
Gold:   1595       SH: 30    Dex: 16    Spells: 15/15 levels left

rFire   + . .      SeeInvis .    L - +0 war axe (flame)
rCold   . . .      Faith    .    E - +1 tower shield {rF+}
rNeg    + + +      Spirit   .    F - +0 plate armour
rPois   +          Reflect  .    (helmet restricted)
rElec   .          Harm     .    K - +2 cloak {rCorr}
rCorr   +          Rampage  .    e - +0 pair of gloves
Will    +....                    h - +0 pair of boots Stlth
                                 I - amulet of regeneration
HPRegen 1.26/turn                A - ring of poison resistance
MPRegen 0.17/turn                W - ring "Hebiluhi" {rN+ Dex+6}

@: on fire, divinely shielded, glowing
A: horns 2, retaliatory headbutt
a: Renounce Religion, Divine Shield, Cleansing Flame, Summon Divine Warrior


You were on level 2 of the Spider Nest.
You worshipped the Shining One.
The Shining One was extremely pleased with you.
You visited 5 branches of the dungeon, and saw 25 of its levels.

You collected 2404 gold pieces.
You spent 809 gold pieces at shops.

Inventory:

Hand Weapons
 G - a +0 war axe of venom
 L - a +0 war axe of flaming (weapon)
Missiles
 g - 24 poisoned darts (quivered)
 n - 5 throwing nets
Armour
 e - a +0 pair of gloves (worn)
 h - a +0 pair of boots (worn)
 E - a +1 tower shield of fire resistance (worn)
 F - a +0 plate armour (worn)
 K - a +2 cloak of preservation (worn)
 U - a +2 buckler
Jewellery
 b - an amulet of reflection
 t - a ring of willpower
 x - a ring of protection from cold
 A - a ring of poison resistance (left hand)
 I - an amulet of regeneration (around neck)
 W - the ring "Hebiluhi" (right hand) {rN+ Dex+6}
   (You found it on level 1 of the Lair of Beasts)

   [ring of dexterity]

   Dex:       It affects your dexterity (+6).
   rN:        It protects you from negative energy.
Wands
 p - a wand of polymorph (2)
 D - a wand of mindburst (9)
 H - a wand of quicksilver (26)
 V - a wand of flame (14)
Scrolls
 a - 2 scrolls of fear
 o - 6 scrolls of enchant armour
 q - a scroll of brand weapon {unknown}
 r - 2 scrolls of summoning
 s - 3 scrolls of teleportation
 u - 3 scrolls of enchant weapon
 y - a scroll of blinking
 Q - a scroll of fog {unknown}
 T - 5 scrolls of poison
 Z - a scroll of acquirement {unknown}
Potions
 d - 2 potions of might
 i - 10 potions of curing
 k - a potion of ambrosia
 l - a potion of berserk rage
 m - 5 potions of haste
 w - 3 potions of cancellation
 C - 3 potions of brilliance
 M - a potion of resistance
 N - 2 potions of flight
 O - 3 potions of heal wounds


   Skills:
 + Level 18.0 Fighting
 + Level 16.0 Axes
 - Level 10.0 Throwing
 + Level 14.8 Armour
 - Level 15.0 Shields
 + Level 8.9 Invocations


You had 15 spell levels left.
You didn't know any spells.
Your spell library contained the following spells:

 Spells                   Type           Power      Damage    Failure   Level
 Beastly Appendage        Tmut           0%         N/A       100%        1
 Shock                    Conj/Air       0%         1d3       100%        1
 Slow                     Hex            0%         N/A       100%        1
 Ensorcelled Hibernation  Hex/Ice        0%         N/A       100%        2
 Wereblood                Tmut           0%         N/A       100%        2
 Call Canine Familiar     Summ           0%         N/A       100%        3
 Confusing Touch          Hex            0%         N/A       100%        3
 Gell's Gravitas          Tloc           0%         N/A       100%        3
 Hailstorm                Conj/Ice       0%         3d3       100%        3
 Lesser Beckoning         Tloc           0%         N/A       100%        3
 Ozocubu's Armour         Ice            0%         N/A       100%        3
 Portal Projectile        Hex/Tloc       0%         N/A       100%        3
 Spider Form              Tmut/Pois      0%         N/A       100%        3
 Swiftness                Air            0%         N/A       100%        3
 Teleport Other           Tloc           0%         N/A       100%        3
 Tukima's Dance           Hex            0%         N/A       100%        3
 Vampiric Draining        Necr           0%         2d6       100%        3
 Airstrike                Air            0%         2d(0-16)  100%        4
 Anguish                  Hex/Necr       0%         N/A       100%        4
 Ice Form                 Ice/Tmut       0%         N/A       100%        4
 Leda's Liquefaction      Hex/Erth       0%         N/A       100%        4
 Olgreb's Toxic Radiance  Pois           0%         N/A       100%        4
 Passage of Golubria      Tloc           0%         N/A       100%        4
 Lee's Rapid Deconstruct  Erth           0%         3d4*      100%        5
 Yara's Violent Unravell  Hex/Tmut       0%         3d3       100%        5
 Simulacrum               Ice/Necr       0%         N/A       100%        6
 Statue Form              Tmut/Erth      0%         N/A       100%        6
 Ozocubu's Refrigeration  Ice            0%         4d7       100%        7
 Ignition                 Fire           0%         3d3       100%        8


Dungeon Overview and Level Annotations

Branches:
Dungeon (15/15)            Temple (1/1) D:4            Lair (5/5) D:9
 Shoals (0/4) Lair:2       Spider (1/4) Lair:2        Slime (0/5) Lair:4
    Orc (2/2) D:9             Elf (0/3) Orc:2        Vaults (0/5) D:14
 Depths (0/4) D:15

Altars:
Ashenzari
Cheibriados
Dithmenos
Elyvilon
Fedhas
Gozag
Hepliaklqana
Kikubaaqudgha
Makhleb
Nemelex Xobeh
Okawaru
Qazlal
Ru
Sif Muna
Trog
Uskayaw
Vehumet
Wu Jian
Xom
Yredelemnul
Zin
The Shining One
Jiyva

Shops:
D:1 *   D:6 *   D:10 [!?!(   D:13 !   Orc:2 !:?!

Annotations:
Lair:2 3 runed translucent doors, Lasawaed's ghost, journeyman GrFE


Innate Abilities, Weirdness & Mutations

You have a pair of horns on your head.
You reflexively headbutt those who attack you in melee.


Message History

You hit the sun moth but do no damage. You hit the radroach but do no damage.
You are covered in liquid flames!
* * * LOW HITPOINT WARNING * * *
You block the radroach's attack. x4
The sun moth bites you but does no damage.
You feel better.
You are covered in liquid flames!
You block the radroach's attack. x2; The sun moth barely misses you.
The radroach bites you!!
* * * LOW HITPOINT WARNING * * *
You block the radroach's attack.
You hit the radroach but do no damage. You headbutt the radroach.
The radroach is almost dead.
You completely miss the sun moth. You hit the radroach. You burn the radroach.
The sun moth throws sticky fire at you. You block the sticky flame.
You block the radroach's attack. x3
The radroach claws you!
* * * LOW HITPOINT WARNING * * *
You hit the radroach but do no damage.
The radroach is almost dead.
You slash the sun moth! You burn the sun moth.
You hit the radroach but do no damage. The sun moth barely misses you.
You block the radroach's attack. The radroach claws you!
* * * LOW HITPOINT WARNING * * *
You block the radroach's attack. x2
You hit the radroach. You burn the radroach. You headbutt the radroach.
You kill the radroach!
You hit the sun moth. You burn the sun moth. You slash the radroach!
You burn the radroach. You block the sun moth's attack.
The radroach bites you but does no damage.
You block the radroach's attack.
You closely miss the sun moth.
The sun moth is almost dead.
You hit the radroach. You burn the radroach.
The sun moth throws sticky fire at you.
The sticky flame hits you but does no damage.
You are covered in liquid flames!
The radroach erupts in a fountain of uncontrolled magic!
You are blasted with magical radiation!!!
You die...

... .^. .... .....
.....# #.....# ###
#....y## ###.# .#
#†@####...# ..#
#B#.#.....#
......##......#
...###.......#
...#..#........# #..
#...........#
..#..#..††.....# #
...##........##########
...##.........##.......#


You could see a sun moth and a radroach.

Vanquished Creatures
  A fire giant (D:15)
  A ghost moth (Spider:1)
  An orc warlord (Orc:1)
  A dire elephant (Lair:5)
  An entropy weaver (Spider:2)
  The ghost of Rubrisal the Unseen, a journeyman SpEn of Dithmenos (Lair:1)
  8 vault guards (D:14)
  The ghost of Puocootemp the Cleaver, a journeyman GrFi of the Shining One (Lair:1)
  3 hydras
  3 centaur warriors
  A radroach (Spider:2)
  2 catoblepae
  A death knight (D:13)
  4 ogre magi (Orc:2)
  13 death yaks
  13 two-headed ogres (Orc:2)
  2 tengu warriors
  3 boulder beetles
  An orc high priest (Orc:1)
  The ghost of Ceschuni the Fighter, a novice GrEE of Gozag (Lair:1)
  Amaemon (Lair:3)
  An orb spider (Lair:2)
  2 steelbarb worms (Spider:1)
  2 lindwurms (Lair:5)
  2 orc knights (D:15)
  5 manticores
  5 wolf spiders
  4 deep elf pyromancers
  An oklob plant (Lair:3)
  A moth of wrath (Spider:2)
  2 orc sorcerers (Orc:2)
  7 ugly things
  2 elephants (Lair:5)
  7 cyclopes
  6 black mambas
  Joseph (D:8)
  3 torpor snails
  A demonic crawler (Spider:1)
  A merfolk siren (Lair:2)
  An orange demon (Lair:3)
  A gargoyle (D:12)
  9 cane toads
  An unseen horror (D:12)
  2 rime drakes (Lair:3)
  A yaktaur (D:15)
  8 komodo dragons
  A tengu conjurer (D:14)
  An efreet (D:13)
  5 trolls
  10 polar bears (Lair:5)
  Prince Ribbit (D:6)
  3 raiju (Lair:5)
  4 tarantellas
  A dream sheep (shapeshifter) (D:15)
  12 blink frogs
  6 dream sheep (Lair:5)
  8 slime creatures
  9 jumping spiders
  6 culicivoras
  75 yaks
  4 shadows
  3 water elementals
  2 centaur simulacra
  5 wyverns
  A wraith (D:12)
  3 steam dragons
  7 basilisks
  7 vampire mosquitoes
  15 redbacks
  Menkaure (D:4)
  15 wargs
  2 acid dragons
  10 water moccasins
  12 hell hounds (Lair:5)
  3 ice beasts (D:7)
  19 orc warriors
  A sky beast (D:7)
  A meliai simulacrum (D:15)
  12 black bears
  23 ogres
  18 wolves
  5 centaurs
  A phantom (D:6)
  A kobold brigand (D:8)
  Blork the orc (D:6)
  12 bullfrogs
  A necrophage (D:7)
  4 scorpions
  2 gnoll sergeants
  A wight (D:8)
  11 killer bees
  7 howler monkeys
  3 electric eels
  A crimson imp (D:4)
  7 hounds
  2 jellies
  Crazy Yiuf (D:6)
  12 orc priests
  Ijyb (D:4)
  5 iguanas
  24 orc wizards
  A hound zombie (D:3)
  14 gnolls
  5 adders
  A shadow imp (D:6)
  3 white imps
  An adder skeleton (D:3)
  4 worms
  2 dart slugs
  74 orcs
  11 ball pythons
  3 bats
  12 endoplasms
  4 giant cockroaches
  11 goblins
  11 hobgoblins
  7 jackals
  3 quokkas
  A ball python skeleton (D:3)
  2 ball python zombies (D:3)
  A frilled lizard (D:2)
  11 kobolds
  5 rats
734 creatures vanquished.

Vanquished Creatures (collateral kills)
  A bush (Lair:2)
1 creature vanquished.

Vanquished Creatures (others)
  28 fungi
  44 plants
  4 withered plants (Lair:1)
76 creatures vanquished.

Grand Total: 811 creatures vanquished

Notes
Turn   | Place    | Note
-------+----------+-------------------------------------------
     0 | D:1      | Dartaoz the Minotaur Fighter began the quest for the Orb.
     0 | D:1      | Reached XP level 1. HP: 19/19 MP: 0/0
   107 | D:1      | Reached XP level 2. HP: 26/26 MP: 1/1
   363 | D:1      | Reached XP level 3. HP: 31/31 MP: 2/2
   634 | D:1      | Found Goxedgh's Assorted Antiques.
   769 | D:2      | Reached skill level 5 in Axes
  1225 | D:2      | Reached XP level 4. HP: 29/39 MP: 3/3
  1852 | D:3      | Found an opulent altar of Gozag.
  1854 | D:3      | Found a radiant altar of Vehumet.
  1854 | D:3      | Found a broken altar of Ashenzari.
  1855 | D:3      | Found an ornate altar of the Wu Jian Council.
  1889 | D:3      | Reached XP level 5. HP: 45/45 MP: 4/4
  2215 | D:3      | Identified the +1 robe of the Glamorous God {Contam rN++
                  | Will- Int+5}
  2507 | D:4      | Noticed an ogre
  2529 | D:4      | Killed an ogre
  2548 | D:4      | Reached XP level 6. HP: 12/51 MP: 5/5
  2732 | D:4      | Noticed a torpor snail
  2732 | D:4      | Noticed Ijyb
  2766 | D:4      | Killed Ijyb
  2774 | D:4      | Noticed a torpor snail
  2811 | D:4      | Found a snail-covered altar of Cheibriados.
  2819 | D:4      | Noticed a torpor snail
  3159 | D:4      | Noticed Menkaure
  3321 | D:4      | Killed Menkaure
  3330 | D:4      | Reached XP level 7. HP: 20/58 MP: 6/6
  3465 | D:4      | Found a sacrificial altar of Ru.
  3656 | D:4      | Found a staircase to the Ecumenical Temple.
  3663 | Temple   | Entered the Ecumenical Temple
  3705 | Temple   | Became a worshipper of the Shining One
  3943 | D:5      | Entered Level 5 of the Dungeon
  3959 | D:5      | Reached skill level 4 in Fighting
  4403 | D:5      | Found a burning altar of Makhleb.
  4675 | D:5      | Reached XP level 8. HP: 67/67 MP: 7/7
  4677 | D:5      | Reached skill level 5 in Shields
  4724 | D:5      | Upgraded the game from 0.30-a0-626-gd6a5dd7a1f to
                  | 0.30-a0-627-gc11e7ae810
  4742 | D:6      | Reached skill level 5 in Fighting
  4742 | D:6      | Reached skill level 5 in Armour
  5156 | D:6      | Found a runed translucent door.
  5157 | D:6      | Noticed Crazy Yiuf
  5251 | D:6      | Reached skill level 10 in Axes
  5271 | D:6      | Found Jada's Fire Supplies.
  5271 | D:6      | Noticed Prince Ribbit
  5277 | D:6      | Killed Prince Ribbit
  5401 | D:6      | Reached skill level 6 in Fighting
  5405 | D:6      | Noticed Blork the orc
  5405 | D:6      | Reached * piety under the Shining One
  5415 | D:6      | Killed Blork the orc
  5776 | D:6      | Killed Crazy Yiuf
  6101 | D:7      | Reached XP level 9. HP: 39/78 MP: 8/8
  6355 | D:7      | Reached skill level 7 in Fighting
  6562 | D:7      | Found a stormy altar of Qazlal.
  6947 | D:8      | Noticed Joseph
  6960 | D:8      | Killed Joseph
  7019 | D:8      | Reached skill level 8 in Fighting
  7028 | D:8      | Reached skill level 1 in Invocations
  7031 | D:8      | Reached XP level 10. HP: 37/88 MP: 9/9
  7454 | D:8      | Found a bloodstained altar of Trog.
  7456 | D:8      | Found a glowing silver altar of Zin.
  7527 | D:8      | Identified the +9 dagger of Famine {freeze, Contam rElec
                  | Str+6 Dex+3}
  7772 | D:9      | Found an ancient bone altar of Kikubaaqudgha.
  7986 | D:9      | Found a staircase to the Lair.
  8041 | D:9      | Found a staircase to the Orcish Mines.
  8061 | D:9      | Noticed a +0 dagger
  8061 | D:9      | Noticed a +0 short sword
  8066 | D:9      | Found a hide-covered altar of Uskayaw.
  8066 | D:9      | Noticed a +0 dagger
  8066 | D:9      | Noticed a +0 falchion
  8068 | D:9      | Noticed a +0 spear
  8068 | D:9      | Noticed a +0 short sword
  8068 | D:9      | Noticed a +0 spear
  8071 | D:9      | Noticed a +0 falchion
  8154 | D:9      | Identified the +1 robe of the Bursted Wumpus {rPois Str+3
                  | Int-3 Dex+4}
  8176 | D:9      | Found a sparkling altar of Nemelex Xobeh.
  8305 | D:9      | Noticed a deep elf pyromancer
  8305 | D:9      | Noticed a white ugly thing
  8395 | D:10     | Entered Level 10 of the Dungeon
  8395 | D:10     | Found Cic Tacvadgh's Armour Emporium.
  8408 | D:10     | Bought a +1 cloak of preservation for 198 gold pieces
  8419 | D:10     | Found Owuem's Magic Scroll Emporium.
  8434 | D:10     | Bought a scroll of identify for 22 gold pieces
  8468 | D:10     | Found Qomalon's Distillery.
  8477 | D:10     | Bought 2 potions of heal wounds for 140 gold pieces
  8477 | D:10     | Bought a potion of heal wounds for 70 gold pieces
  8498 | D:10     | Reached ** piety under the Shining One
  8521 | D:10     | Found Gustrod's Distillery.
  8827 | D:10     | Found Nyewyod's Weapon Shop.
  9101 | D:11     | Reached skill level 9 in Fighting
  9101 | D:11     | Reached skill level 10 in Shields
  9181 | D:11     | Noticed a cyclops
  9191 | D:11     | Killed a cyclops
  9341 | D:11     | Noticed a cyclops
  9353 | D:11     | Killed a cyclops
  9388 | D:11     | Noticed a manticore
  9402 | D:11     | Killed a manticore
  9403 | D:11     | Reached XP level 11. HP: 76/97 MP: 12/12
  9756 | D:11     | Reached skill level 10 in Fighting
  9999 | Lair:1   | Entered Level 1 of the Lair of Beasts
 10085 | Lair:1   | Reached skill level 10 in Armour
 10204 | Lair:1   | Reached skill level 5 in Invocations
 10227 | Lair:1   | Found a runed translucent gate.
 10228 | Lair:1   | Found a runed translucent gate.
 10228 | Lair:1   | Found a runed translucent gate.
 10237 | Lair:1   | Noticed Ceschuni's ghost (novice GrEE)
 10237 | Lair:1   | Reached *** piety under the Shining One
 10237 | Lair:1   | Noticed Rubrisal's ghost (journeyman SpEn)
 10237 | Lair:1   | Noticed Puocootemp's ghost (journeyman GrFi)
 10811 | Lair:1   | Killed Ceschuni's ghost
 10812 | Lair:1   | Reached skill level 1 in Throwing
 10820 | Lair:1   | Killed Rubrisal's ghost
 10821 | Lair:1   | Reached skill level 11 in Fighting
 10837 | Lair:1   | Killed Puocootemp's ghost
 10866 | Lair:1   | Identified the ring "Hebiluhi" {rN+ Dex+6}
 10924 | Lair:2   | Noticed a minotaur
 10926 | Lair:2   | Noticed Lasawaed's ghost (journeyman GrFE)
 10928 | Lair:2   | Noticed an eight-headed hydra
 11070 | Lair:2   | Found a hole to the Spider Nest.
 11070 | Lair:2   | Noticed an orb spider
 11325 | Lair:2   | Found a staircase to the Shoals.
 11345 | Lair:2   | Reached XP level 12. HP: 111/112 MP: 14/14
 11451 | Lair:2   | Reached skill level 12 in Fighting
 11493 | Lair:2   | Found a runed translucent gate.
 11494 | Lair:2   | Found a runed translucent gate.
 11495 | Lair:2   | Found a runed translucent gate.
 11566 | Lair:2   | Identified the +5 chain mail of the Dragon {Fly rC+}
 11881 | Lair:3   | Noticed a death yak
 11882 | Lair:3   | Noticed a death yak
 11882 | Lair:3   | Noticed a death yak
 11905 | Lair:3   | Killed a death yak
 11906 | Lair:3   | Reached skill level 5 in Throwing
 11916 | Lair:3   | Killed a death yak
 11927 | Lair:3   | Killed a death yak
 12022 | Lair:3   | Noticed Amaemon
 12036 | Lair:3   | Killed Amaemon
 12111 | Lair:3   | Reached **** piety under the Shining One
 12113 | Lair:3   | Reached skill level 15 in Axes
 12122 | Lair:3   | Reached skill level 13 in Fighting
 12178 | Lair:3   | Noticed a five-headed hydra
 13172 | Lair:3   | Killed a five-headed hydra
 13782 | Lair:4   | Noticed a death yak
 13784 | Lair:4   | Noticed a death yak
 13795 | Lair:4   | Killed a death yak
 13796 | Lair:4   | Killed a death yak
 13801 | Lair:4   | Noticed a death yak
 13804 | Lair:4   | Reached XP level 13. HP: 95/123 MP: 15/15
 13903 | Lair:4   | Reached skill level 14 in Fighting
 14169 | Lair:4   | Found a shadowy altar of Dithmenos.
 14292 | Lair:4   | Found a runed translucent door.
 14292 | Lair:4   | Found a viscous altar of Jiyva.
 14293 | Lair:4   | Found a staircase to the Slime Pits.
 14671 | Lair:5   | Entered Level 5 of the Lair of Beasts
 15023 | Lair:5   | Reached skill level 15 in Fighting
 15193 | Lair:5   | Reached ***** piety under the Shining One
 15259 | Lair:5   | Reached XP level 14. HP: 114/135 MP: 16/16
 15851 | Lair:5   | Reached skill level 10 in Throwing
 15870 | Lair:5   | HP: 7/204 [lindwurm/blast of flame (10)]
 15890 | Lair:5   | HP: 1/136 [death yak (18)]
 16244 | Lair:5   | Reached skill level 16 in Fighting
 17351 | Orc:1    | Entered Level 1 of the Orcish Mines
 17440 | Orc:2    | Entered Level 2 of the Orcish Mines
 17747 | Orc:2    | Found Tut Hesh's Book Shop.
 17747 | Orc:2    | Found Awouturo's Distillery.
 17747 | Orc:2    | Found Amifor's Distillery.
 17747 | Orc:2    | Found Dalex's Magic Scroll Shop.
 17757 | Orc:2    | Bought a scroll of identify for 28 gold pieces
 17922 | Orc:2    | Found a staircase to the Elven Halls.
 18084 | Orc:2    | Reached XP level 15. HP: 93/145 MP: 18/18
 19122 | D:13     | Reached skill level 17 in Fighting
 19212 | D:13     | Found Geasunn's Distillery.
 19215 | D:13     | Bought 2 potions of heal wounds for 120 gold pieces
 20135 | D:6      | Bought a +1 tower shield of fire resistance for 231 gold
                  | pieces
 20523 | D:14     | You fall into a shaft and drop 1 floor!
 20523 | D:15     | Entered Level 15 of the Dungeon
 20540 | D:15     | Found a white marble altar of Elyvilon.
 20846 | D:14     | Found a gate to the Vaults.
 21734 | D:15     | Identified the +7 chain mail of the New World {Dex+6}
 22004 | D:15     | Found a staircase to the Depths.
 22004 | D:15     | Noticed a fire giant
 22030 | D:15     | Killed a fire giant
 22811 | Spider:1 | Entered Level 1 of the Spider Nest
 22816 | Spider:1 | Reached skill level 15 in Shields
 23088 | Spider:1 | You fall into a shaft and drop 1 floor!
 23381 | Spider:2 | Reached XP level 16. HP: 157/157 MP: 21/21
 23407 | Spider:2 | Reached skill level 18 in Fighting
 23435 | Spider:2 | Demolished by a radroach

Illustrated notes

Levels and vault maps discovered:
D:1:      amcnicky_arrival_wind_blow, layout_loops_ring, serial_shops,
          nicolae_shop_hallway_stairs
D:2:      cheibrodos_greedy_goblins, layout_basic
D:3:      layout_basic, chequers_temple_overflow_statue_of_worship,
          serial_undead, serial_undead_e, serial_undead_f, serial_undead_b,
          serial_undead_f
D:4:      layout_loops_cross, cheibriados_altar_2,
          mainiacjoe_overflow_tiny_flanked, temple_statues,
          minmay_fire_ice_demons, uniq_ijyb, uniq_menkaure
D:5:      layout_cave_pools, mainiacjoe_overflow_catwalk, bh_walls_and_bars
D:6:      layout_basic, nicolae_shop_fire_sale [nicolae_sub_dead_trees],
          uniq_prince_ribbit1, uniq_blork_the_orc, uniq_crazy_yiuf_cottage
D:7:      layout_rooms, nicolae_overflow_crystal_walls
D:8:      layout_loops_ring, jmf_multi_god_temple, uniq_joseph
D:9:      layout_rooms, mainiacjoe_overflow_concentric_impassable,
          nemelex_diamond_rough_becter, nicolae_uskayaw_en_pointe, orc_0_dummy,
          lightli_corner_chamber
D:10:     layout_roguey, serial_shops, nicolae_stop_n_shop_2,
          kennysheep_mini_moat, nicolae_shop_trees, nicolae_shop_statue_plus,
          nicolae_shop_hallway_stairs
D:11:     layout_basic, kennysheep_cross_room
D:12:     layout_basic
D:13:     layout_cave_pods, serial_shops, kennysheep_mini, grunt_ministairs_10,
          nicolae_water_bricks
D:14:     layout_basic, erik_vaults_2, nicolae_integral_box, drop_trap
D:15:     grunt_enter_depths_giant_problem, layout_gridville, elyvilon_altar_1
Temple:   hellmonk_temple_beads
Lair:1:   layout_regular_city, gammafunk_ghost_cemetery
Lair:2:   layout_regular_city, minmay_shoals_entry_lonely_mermaid,
          nicolae_spider_entry_orb_guardian, maelrawn_ghost_gauntlet_escape,
          st_stairs_7
Lair:3:   layout_regular_city, portal_ice_cave_rime, dpeg_oklob_1,
          serial_bayou_shore_a, uniq_amaemon
Lair:4:   beast_lair_carwin_large_1, layout_regular_city, slime_entry_2,
          basic_altar, wad_woods_river_03, lemuel_fruit_tree
Lair:5:   hangedman_lair_caniforms_friends, layout_cave_pods,
          hangedman_lair_in_review, serial_bayou_pond_a, serial_bayou_crossing,
          infiniplex_staircase_pool
Spider:1: cheibrodos_forgotten_conduit, nicolae_spider_checkerboard
Spider:2: layout_cave_pods, drop_trap, nicolae_spider_solar_radiation
Orc:1:    layout_diamond_mine, basic_altar
Orc:2:    st_orc_ogre_mass, layout_caves, mines2_lemuel

Skill      XL: |  1  2  3  4  5  6  7  8  9 10 11 12 13 14 15 16 |
---------------+-------------------------------------------------+-----
Axes           | 3 4 5 6 7 9 10 11 12 14 15 16 | 16.0
Armour         | 4 6 8 9 10 11 13 14 | 14.8
Shields        | 4 6 8 10 11 13 15 | 15.0
Fighting       | 4 6 8 9 11 13 15 16 17 18 | 18.0
Invocations    | 1 3 5 6 8 |  8.9
Throwing       | 3 7 9 10 | 10.0

Action                   |  1- 3 |  4- 6 |  7- 9 | 10-12 | 13-15 | 16-18 || total
-------------------------+-------+-------+-------+-------+-------+-------++-------
Melee: War axe           |    82 |   132 |   226 |   533 |  1113 |    37 ||  2123
       Headbutt          |     9 |    13 |    54 |   165 |   423 |    11 ||   675
       Unarmed           |       |     7 |       |       |       |       ||     7
       Flail             |       |       |       |     6 |    32 |       ||    38
Throw: Dart              |       |    19 |    14 |       |    37 |       ||    70
       Throwing net      |       |     1 |       |       |       |       ||     1
Invok: Divine Shield     |       |       |     1 |     3 |    16 |     1 ||    21
  Use: Potion            |       |       |     1 |     4 |     8 |     1 ||    14
       Scroll            |       |       |     7 |    11 |    11 |       ||    29
 Stab: Confused          |       |     1 |       |       |       |       ||     1
Armor: Scale mail        |    30 |    46 |    63 |       |       |       ||   139
       Skin              |       |     1 |       |       |       |       ||     1
       Plate armour      |       |       |    16 |   217 |   565 |    28 ||   826
Dodge: Dodged            |    46 |    34 |    79 |   122 |   250 |     9 ||   540
Block: Buckler           |    13 |    20 |    44 |   188 |   614 |       ||   879
       Tower shield      |       |       |       |       |    33 |    81 ||   114

Table legend: (Time is in decaauts)
 A = Elapsed time spent in this place.
 B = Non-inter-level travel time spent in this place.
 C = Inter-level travel time spent in this place.
 D = Time resting spent in this place.
 E = Time spent auto-exploring this place.
 F = Levels seen in this place.
 G = Mean time per level.
                   A        B        C        D        E       F      G
               +--------+--------+--------+--------+--------+-----+--------+
         Total |  23187 |  21806 |   1381 |    256 |  17515 |  25 |  927.5 |
       Dungeon |  14529 |  13561 |    968 |    100 |  11205 |  15 |  968.6 |
        Temple |    129 |    129 |      0 |      0 |     98 |   1 |  129.0 |
          Lair |   6469 |   6155 |    314 |    150 |   4777 |   5 | 1293.8 |
   Spider Nest |    596 |    596 |      0 |      0 |    416 |   2 |  298.0 |
  Orcish Mines |   1462 |   1364 |     98 |      6 |   1019 |   2 |  731.0 |
               +--------+--------+--------+--------+--------+-----+--------+

Top non-repeatable levels by time:
  Lair:5: 1707 daAuts
  Lair:3: 1682 daAuts
     D:4: 1315 daAuts
    D:14: 1265 daAuts
     D:6: 1234 daAuts
    D:11: 1123 daAuts
  Lair:2: 1119 daAuts
    D:13: 1068 daAuts
    D:15: 1049 daAuts
     D:8: 1026 daAuts
  Lair:4: 989 daAuts
  Lair:1: 970 daAuts
     D:2: 969 daAuts
   Orc:2: 918 daAuts
     D:7: 901 daAuts
